cohdb
Replays
Latest Replays
All Replays
Popular Replays
Top Player Replays
Match Explorer
How It Works
Community
CoH3 Stats
Reddit
Sign in to upload your games and track your stats! →
Sign in with Steam
New Map - Reakly vs FeriG
Match 39806393
Overview
Messages
Build Orders
End
Royal Engineer Section
Construct Section Command Post
Infantry Section
Infantry Section
Infantry Section
Construct Platoon Command Post
Construct Field Infirmary
Construct Platoon Command Post
Selects Heavy Armor Battlegroup
Selects Rigorous Vehicle Training
Humber Armored Car
Infantry Training
ML 3-inch Mortar Team
6-pounder Anti-tank Gun Team
Selects Forward Repair Assembly
Vickers Machine Gun Team
Team Weapon Training
Construct Company Command Post
Crusader II Medium Tank
Reakly
FeriG
0
0
Comments
sign in to comment!
No comments posted yet!